 Dungeon Crawl Stone Soup version 0.28.0 (webtiles) character file.

Game seed: 10579509949814420349

90 SomeFlowers the Covered (level 4, -1/37 HPs)
             Began as a Minotaur Hedge Wizard on Feb 9, 2022.
             Was a Follower of Wu Jian.
             Slain by a hobgoblin (3 damage)
             ... on level 1 of the Dungeon.
             The game lasted 00:05:23 (2263 turns).

SomeFlowers the Covered (Minotaur Hedge Wizard)     Turns: 2263, Time: 00:05:23

Health: -1/37      AC:  5    Str: 15    XL:     4   Next: 32%
Magic:  6/6        EV: 10    Int: 13    God:    Wu Jian [*.....]
Gold:   112        SH:  0    Dex:  9    Spells: 4/7 levels left

rFire   . . .      SeeInvis .   a - +0 dagger
rCold   . . .      Faith    +   (no shield)
rNeg    . . .      Spirit   .   l - +0 ring mail
rPois   .          Reflect  .   c - +0 hat
rElec   .          Harm     .   (no cloak)
rCorr   .          Rampage  .   (no gloves)
Will    .....                   (no boots)
Stlth   +.........              i - amulet of faith
HPRegen 0.12/turn               (no ring)
MPRegen 0.10/turn               (no ring)

@: no status effects
A: horns 2, retaliatory headbutt
a: Renounce Religion


You were on level 1 of the Dungeon.
You worshipped Wu Jian.
Wu Jian was aware of your devotion.
You visited 1 branch of the dungeon, and saw 3 of its levels.

You collected 112 gold pieces.

Inventory:

Hand Weapons
 a - a +0 dagger (weapon)
Missiles
 e - 3 boomerangs (quivered)
Armour
 b - a +0 robe
 c - a +0 hat (worn)
 l - a +0 ring mail (worn)
Jewellery
 i - an amulet of faith (around neck)
Scrolls
 f - a scroll of magic mapping {unknown}
 g - a scroll of acquirement {unknown}
 j - 2 scrolls of enchant armour {unknown}
 k - a scroll of teleportation {unknown}
 n - a scroll of identify {unknown}
 o - a scroll of fog {unknown}
Potions
 d - a potion of curing {unknown}
 h - a potion of heal wounds {unknown}
 m - a potion of berserk rage {unknown}


   Skills:
 * Level 2.9 Fighting
 * Level 3.1 Armour
 - Level 2.1 Dodging
 - Level 1.5 Stealth
 - Level 2.4 Spellcasting
 - Level 0.6 Conjurations
 - Level 0.6 Summonings
 - Level 0.6 Translocations


You had 4 spell levels left.
You knew the following spells:

 Your Spells              Type           Power      Damage    Failure   Level
a - Magic Dart            Conj           12%        1d3       36%         1
b - Poisonous Vapours     Pois/Air       2%         N/A       56%         2

Your spell library contained the following spells:

 Spells                   Type           Power      Damage    Failure   Level
 Slow                     Hex            4%         N/A       43%         1
 Blink                    Tloc           6%         N/A       50%         2
 Call Imp                 Summ           3%         N/A       50%         2
 Corpse Rot               Necr/Air       2%         N/A       56%         2
 Conjure Flame            Conj/Fire      2%         6-21      77%         3
 Mephitic Cloud           Conj/Pois/Air  2%         N/A       78%         3


Dungeon Overview and Level Annotations

Branches:
Dungeon (3/15)

Altars:
Wu Jian

Annotations:
D:2 Sigmund
D:3 3 runed translucent doors, AlmostDecent's ghost, amateur GrFi; Pargi


Innate Abilities, Weirdness & Mutations

You have a pair of horns on your head.
You reflexively headbutt those who attack you in melee.


Message History

You hit Pargi but do no damage. Your headbutt misses Pargi. Pargi bites you.
* * * LOW HITPOINT WARNING * * *
Pargi closely misses you. Pargi claws you but does no damage.
You hit Pargi.
Pargi is lightly wounded.
Pargi bites you.
* * * LOW HITPOINT WARNING * * *
Pargi closely misses you. Pargi claws you but does no damage.
You closely miss Pargi. Your headbutt misses Pargi.
Pargi is lightly wounded.
Pargi closely misses you. Pargi claws you.
* * * LOW HITPOINT WARNING * * *
Pargi claws you.
* * * LOW HITPOINT WARNING * * *
Found 19 stones.
Found a scroll labelled ARUZXISM KOVOO.
Pargi hisses, "I bite!"
Found a stone staircase leading up.
A hobgoblin comes into view.
Found a stone staircase leading down.
The hobgoblin shouts!
The hobgoblin hits you.
* * * LOW HITPOINT WARNING * * *
Found 8 gold pieces.
There is a stone staircase leading down here.
There is a stone staircase leading up here.
The hobgoblin barely misses you.
You climb upwards.
Level annotation: Sigmund
There is a stone staircase leading down here.
You hit the hobgoblin but do no damage. The hobgoblin closely misses you.
There is a stone staircase leading up here.
The hobgoblin hits you.
* * * LOW HITPOINT WARNING * * *
You climb upwards.
There is a stone staircase leading down here.
You hit the hobgoblin.
The hobgoblin is moderately wounded.
The hobgoblin hits you.
You die...

##.###..#........# #.# #.#
##.# #.....##...## #.# #.#
##.####...####.## #.# #.#
.#......)......# #.# #.#
#####....#####)# #.# #.# #
#.##.# #># #.# #.#
#.##.#####.### ##.## #.#
#....#.......# #...## #.#
#.####.###.#@# #....# #.#
#..........#g# #....# #.#
#####.####.##..#.# ####.# #.#
..#.........#..#.# #.# #.#
......####..#..#># #.# #.#
..#.#.# #.......#######.####.#
##....# ##.#.............)...#
#..).####...............######
##.............###########


You could see a hobgoblin.

Vanquished Creatures
  Terence (D:1)
  2 adders (D:2)
  A worm (D:2)
  6 ball pythons
  4 bats
  3 endoplasms
  5 giant cockroaches
  3 goblins (D:1)
  2 jackals (D:1)
  6 quokkas
  A frilled lizard (D:2)
  4 kobolds
  2 rats (D:1)
40 creatures vanquished.

Notes
Turn   | Place    | Note
-------+----------+-------------------------------------------
     0 | D:1      | SomeFlowers the Minotaur Hedge Wizard began the quest for
                  | the Orb.
     0 | D:1      | Reached XP level 1. HP: 14/14 MP: 2/2
   356 | D:1      | Reached XP level 2. HP: 16/22 MP: 4/4
   375 | D:1      | Reached skill level 1 in Armour
   377 | D:1      | Reached skill level 1 in Fighting
  1346 | D:2      | Noticed Sigmund
  1357 | D:2      | Noticed Terence
  1361 | D:2      | Learned a level 2 spell: Poisonous Vapours
  1370 | D:1      | Killed Terence
  1371 | D:1      | Reached skill level 2 in Armour
  1371 | D:1      | Reached XP level 3. HP: 21/29 MP: 1/5
  1651 | D:2      | Reached XP level 4. HP: 32/37 MP: 6/6
  1866 | D:2      | Reached skill level 3 in Armour
  2028 | D:3      | Found a faded altar of an unknown god.
  2085 | D:3      | Prayed at the altar of an unknown god.
  2085 | D:3      | Became a worshipper of the Wu Jian Council
  2085 | D:3      | Reached * piety under Wu Jian
  2171 | D:3      | Noticed AlmostDecent's ghost (amateur GrFi)
  2180 | D:3      | Found a runed translucent gate.
  2180 | D:3      | Found a runed translucent gate.
  2182 | D:3      | Found a runed translucent gate.
  2183 | D:3      | Noticed Pargi
  2257 | D:2      | HP: 1/37 [hobgoblin (2)]
  2263 | D:1      | Slain by a hobgoblin

Illustrated notes

Levels and vault maps discovered:
D:1:      heliophobic_arrival_enchanted_forest, layout_loops_ring
D:2:      layout_rooms, uniq_sigmund, uniq_terence
D:3:      layout_rooms, nicolae_tso_carved_into_rock, gammafunk_ghost_split,
          ebering_ecumenical_altar_box, st_stairs_10, uniq_pargi

Skill      XL: |  1  2  3  4 |
---------------+-------------+-----
Armour         | 2 3 |  3.1
Fighting       | 2 |  2.9
Dodging        | |  2.1
Stealth        | |  1.5
Spellcasting   | |  2.4
Conjurations   | |  0.6
Summonings     | |  0.6
Translocations | |  0.6

Action                   |  1- 3 |  4- 6 || total
-------------------------+-------+-------++-------
Melee: Dagger            |    75 |    52 ||   127
       Headbutt          |    12 |     5 ||    17
       Punch             |     1 |       ||     1
Throw: Boomerang         |       |     4 ||     4
 Cast: Magic Dart        |     9 |       ||     9
       Poisonous Vapours |     2 |       ||     2
 Stab: Sleeping          |     2 |       ||     2
Armor: Robe              |     9 |       ||     9
       Ring mail         |     2 |    32 ||    34
Dodge: Dodged            |    53 |    44 ||    97
